 Dungeon Crawl Stone Soup version 0.32-a0-791-gfc315c9ecd (webtiles) character file.

Game seed: 1525762696979642174

130 AeshMezareph the Trooper (level 5, 0/57 HPs)
             Began as an Oni Warper on Mar 20, 2024.
             Slain by a gnoll
             ... wielding a +0 club
              (2 damage)
             ... on level 3 of the Dungeon.
             The game lasted 00:04:46 (2230 turns).

AeshMezareph the Trooper (Oni Warper)               Turns: 2230, Time: 00:04:47

Health: 0/57       AC:  3    Str: 17    XL:     5   Next: 14%
Magic:  8/8        EV:  9    Int: 14    God:
Gold:   37         SH:  0    Dex: 14    Spells: 6/8 levels left

rFire   . . .        f - +0 dagger (venom)
rCold   . . .        (no shield)
rNeg    . . .        b - +0 robe
rPois   .            (helmet restricted)
rElec   .            (no cloak)
rCorr   +            (gloves unavailable)
SInv    .            (boots unavailable)
Will    .....        g - amulet of the acrobat
Stlth   +            e - ring of resist corrosion
HPRegen 0.29/turn    i - +6 ring of dexterity
MPRegen 0.11/turn

%: acrobat
@: no status effects
A: large, unfitting armour, horns 1, tough skin 1, double potion healing,
drunken brawling
a: no special abilities


You were on level 3 of the Dungeon.
You visited 1 branch of the dungeon, and saw 3 of its levels.

You collected 169 gold pieces.
You spent 132 gold pieces at shops.

Inventory:

Hand Weapons
 a - a +0 mace
 f - a +0 dagger of venom (weapon)
Missiles
 d - 7 darts of dispersal (quivered)
 s - 3 poisoned darts
Armour
 b - a +0 robe (worn)
Jewellery
 e - a ring of resist corrosion (left hand)
 g - an amulet of the acrobat (around neck)
 i - a +6 ring of dexterity (right hand)
 t - an amulet of reflection
Scrolls
 c - a scroll of blinking
 h - 3 scrolls of identify {unknown}
 j - a scroll of enchant weapon {unknown}
 k - a scroll of fog {unknown}
 l - a scroll of noise {unknown}
 n - a scroll of vulnerability {unknown}
 r - 2 scrolls of revelation {unknown}
Potions
 m - 4 potions of heal wounds
 o - a potion of cancellation {unknown}
 p - a potion of curing
 q - a potion of might
 u - a potion of magic {unknown}
 v - a potion of brilliance {unknown}


   Skills:
 + Level 5.1 Fighting
 + Level 3.9 Maces & Flails
 - Level 1.0 Throwing
 - Level 2.1 Dodging
 - Level 2.4 Spellcasting
 - Level 2.6 Translocations


You had 6 spell levels left.
You knew the following spells:

 Your Spells              Type           Power      Damage    Failure   Level
a - Blink                 Tloc           18%        N/A       12%         2

Your spell library contained the following spells:

 Spells                   Type           Power      Damage    Failure   Level
 Lesser Beckoning         Tloc           18%        N/A       12%         2
 Teleport Other           Tloc           9%         N/A       22%         3
 Cigotuvi's Dreadful Rot  Necr/Alch/Air  2%         N/A       34%         2
 Jinxbite                 Hex            2%         N/A       34%         2
 Sublimation of Blood     Necr           1%         N/A       34%         2
 Manifold Assault         Tloc           9%         N/A       58%         4
 Vhi's Electric Charge    Tloc/Air       10%        N/A       78%         4
 Dispel Undead            Necr           1%         3d6       92%         4
 Leda's Liquefaction      Alch/Erth      0%         N/A       92%         4
 Martyr's Knell           Necr/Summ      1%         N/A       92%         4
 Petrify                  Alch/Erth      1%         N/A       92%         4
 Irradiate                Conj/Alch      0%         3d11      99%         5
 Metabolic Englaciation   Hex/Ice        0%         N/A       99%         5
 Yara's Violent Unravell  Hex/Alch       0%         3d3       99%         5
 Enfeeble                 Hex            0%         N/A       100%        7


Dungeon Overview and Level Annotations

Branches:
Dungeon (3/15)

Altars:

Shops:
D:2 !   D:3 :


Innate Abilities, Weirdness & Mutations

You are too large for most types of armour.
You have a pair of small horns on your head.
You have tough skin. (AC +1)
You gain doubled healing and magic from potions.
Whenever you drink a healing potion, you attack all around you.


Message History

You kill the gnoll!
You have reached level 5!
Unknown command.
Unknown command.
Unknown command.
You hit the gnoll but do no damage.
The gnoll is poisoned.
The gnoll barely misses you.
Unknown command.
You hit the gnoll.
The gnoll looks as sick as possible!
The gnoll is heavily wounded.
The gnoll hits you with a +0 club.
* * * LOW HITPOINT WARNING * * *
Unknown command.
You hit the gnoll.
The gnoll looks as sick as possible!
Your headbutt misses the gnoll.
The gnoll is severely wounded.
You kill the gnoll!
The gnoll throws a throwing net.
The throwing net hits you.
You become entangled in the net!
Unknown command.
You struggle against the net.
Unknown command.
You struggle against the net.
The gnoll hits you but does no damage.
Unknown command.
You rip the net and break free!
The gnoll hits you with a +0 club.
* * * LOW HITPOINT WARNING * * *
Unknown command.
You closely miss the gnoll. The gnoll barely misses you.
Unknown command.
You hit the gnoll but do no damage.
The gnoll is poisoned.
The gnoll hits you with a +0 club.
* * * LOW HITPOINT WARNING * * *
Unknown command.
You closely miss the gnoll. Your headbutt misses the gnoll.
The gnoll hits you but does no damage.
Unknown command.
You hit the gnoll.
The gnoll looks as sick as possible!
The gnoll is lightly wounded.
The gnoll hits you with a +0 club.
You die...

##############
#............#
#.##########.# ########.#
#.########
#........##########.#......#
.#......)g@......#.#.######
#......####...#.#.#.######
#........ #..............#
#......#.##...#)#...####.#
#..=...#.#......##########
###g##.#........##ß##ß##ß#
#. #.###......)......... #.
#..........##ß##ß##ß#
##.....###########


You could see a gnoll (extremely poisoned).

Vanquished Creatures
  2 gnolls (D:3)
  4 adders
  3 dart slugs
  A ribbon worm (D:2)
  9 bats
  4 endoplasms
  2 giant cockroaches
  11 goblins
  8 jackals (D:2)
  6 kobolds
  4 quokkas
  5 ball pythons
  2 frilled lizards (D:1)
  4 rats
65 creatures vanquished.

Notes
Turn   | Place    | Note
-------+----------+-------------------------------------------
     0 | D:1      | AeshMezareph the Oni Warper began the quest for the Orb.
     0 | D:1      | Reached XP level 1. HP: 22/22 MP: 3/3
   103 | D:1      | Reached skill level 3 in Fighting
   108 | D:1      | Reached XP level 2. HP: 15/31 MP: 5/5
   470 | D:1      | Reached XP level 3. HP: 36/39 MP: 6/6
   761 | D:2      | Reached skill level 4 in Fighting
   919 | D:2      | Reached XP level 4. HP: 43/49 MP: 7/7
  1322 | D:2      | Found Dohakurr's Distillery.
  1550 | D:2      | Bought a potion of curing for 33 gold pieces
  1550 | D:2      | Bought a potion of heal wounds for 55 gold pieces
  1550 | D:2      | Bought a potion of might for 44 gold pieces
  1595 | D:3      | Learned a level 2 spell: Blink
  1681 | D:3      | Found Cifoubuf's Book Emporium.
  1919 | D:3      | Found a faded altar of an unknown god.
  2141 | D:3      | Reached skill level 5 in Fighting
  2219 | D:3      | Reached XP level 5. HP: 12/57 MP: 8/8
  2228 | D:3      | HP: 2/57 [gnoll/+0 club (5)]
  2230 | D:3      | Slain by a gnoll

Illustrated notes

Levels and vault maps discovered:
D:1:      scummos_arrival_simple_crosswalls, layout_rooms
D:2:      layout_basic, serial_shops, nicolae_shop_waterfront, minivault_25,
          minmay_domino_4
D:3:      layout_loops_ring, serial_shops, nicolae_shop_behind_doors,
          chequers_ecumenical_altar_twisty, nicolae_shop_unique_rings,
          dk_noncrumbling_2

Skill      XL: |  1  2  3  4 |
---------------+-------------+-----
Fighting       | 3 4 5 |  5.1
Maces & Flails | 3 |  3.9
Throwing       | |  1.0
Dodging        | |  2.1
Spellcasting   | |  2.4
Translocations | |  2.6

Action                     |  1- 3 |  4- 6 || total
---------------------------+-------+-------++-------
  Melee: Mace              |    23 |       ||    23
         Headbutt          |    19 |    14 ||    33
         Dagger            |    80 |    88 ||   168
   Stab: Sleeping          |       |     1 ||     1
 Armour: Robe              |    71 |    73 ||   144
  Dodge: Dodged            |    63 |    60 ||   123

Table legend: (Time is in decaauts)
 A = Elapsed time spent in this place.
 B = Non-inter-level travel time spent in this place.
 C = Inter-level travel time spent in this place.
 D = Time resting spent in this place.
 E = Time spent auto-exploring this place.
 F = Levels seen in this place.
 G = Mean time per level.
                   A        B        C        D        E       F      G
               +--------+--------+--------+--------+--------+-----+--------+
         Total |   2234 |   2157 |     77 |      0 |   1675 |   3 |  744.7 |
       Dungeon |   2234 |   2157 |     77 |      0 |   1675 |   3 |  744.7 |
               +--------+--------+--------+--------+--------+-----+--------+

Top non-repeatable levels by time:
     D:2: 870 daAuts
     D:1: 708 daAuts
     D:3: 655 daAuts
